 Dungeon Sprint DCSS version bcrawl-1.21.3-2-g9d8a61a446 (webtiles) character file.

Game seed: 11837094604326272496

3187 funkygono the Devastator (level 9, -2/46 HPs)
             Began as a Gargoyle Conjurer on Apr 12, 2020.
             Was a High Priest of Vehumet.
             Slain by a vault guard
             ... wielding a +0 dire flail
              (20 damage)
             ... in the Dungeon (Sprint V: "Ziggurat Sprint").
             The game lasted 00:13:14 (837 turns).

funkygono the Devastator (Gargoyle Conjurer)         Turns: 837, Time: 00:13:14

Health: -2/46      AC: 21    Str: 30    XL:     9   Next: 95%
Magic:  6/25       EV: 12    Int: 49    God:    Vehumet [*****.]
Gold:   0          SH:  0    Dex: 10    Spells: 7/32 levels left

rFire    + + .     SeeInvis .   t - +6 Majin-Bo {vamp, *Drain Str+12 Int+24}
rCold    x . .     Gourm    .   (shield currently unavailable)
rNeg     + . .     Faith    .   l - +5 fire dragon scales
rPois    ∞         Spirit   .   (no helmet)
rElec    +         Reflect  .   (no cloak)
rCorr    .         Harm     .   (no gloves)
MR       .....     NoTele   +   (no boots)
Stlth    +.........             (no amulet)
HPRegen  0.15/turn              O - +6 ring of intelligence
MPRegen  0.19/turn              Q - +6 ring of strength

@: studying Spellcasting
A: negative energy resistance 1, electricity resistance, unbreathing,
petrification resistance, rot immunity, AC +6
a: Renounce Religion


You were in the Dungeon.
You worshipped Vehumet.
Vehumet was extremely pleased with you.
You were not hungry.

You visited 1 branch

Inventory:

Hand Weapons
 t - the +6 Majin-Bo (weapon) {vamp, *Drain Str+12 Int+24}
   (You found it in the Dungeon)

   It inflicts no extra harm, but heals its wielder when it wounds a living foe.
   It affects your strength (+12).
   It affects your intelligence (+24).
   It causes draining when unequipped.
 z - the +7 great mace "Firestarter" {inner flame, rF++}
   (You found it in the Dungeon)

   It has been specially enchanted to burn those struck by it, causing extra
   injury to most foes and up to half again as much damage against particularly
   susceptible opponents.
   It greatly protects you from fire.
Armour
 l - +5 fire dragon scales (worn)
 B - +5 ice dragon scales
 D - +5 shadow dragon scales
 E - +5 storm dragon scales
Magical Staves
 S - an uncursed staff of energy
Jewellery
 M - a +6 ring of dexterity
 N - a +6 ring of dexterity
 O - a +6 ring of intelligence (left hand)
 P - a +6 ring of intelligence
 Q - a +6 ring of strength (right hand)
 R - a +6 ring of strength
Scrolls
 i - 4 scrolls of blinking
 o - 4 scrolls of amnesia
 p - 7 scrolls of fog
 q - 5 scrolls of identify
 r - 5 scrolls of remove curse
 s - 2 scrolls of fear
 w - 4 scrolls of enchant weapon
Potions
 b - 2 potions of brilliance
 c - 7 potions of magic
 d - 10 potions of curing
 f - 6 potions of heal wounds
 g - 6 potions of haste
 h - 3 potions of berserk rage
 j - 2 potions of invisibility
 k - 4 potions of resistance
 m - 5 potions of agility
 n - 5 potions of might
Books
 a - a manual of Spellcasting
Miscellaneous
 v - a phial of floods
Comestibles
 e - 6 rations {!d}
 u - 4 chunks of flesh


   Skills:
 + Level 0.8 Fighting
 + Level 4.6 Staves
 + Level 6.6 Armour
 + Level 5.1 Dodging
 + Level 5.0 Stealth
 + Level 12.4 Spellcasting
 + Level 16.8 Conjurations
 * Level 1.6 Fire Magic
 * Level 3.6 Ice Magic
 * Level 2.1 Earth Magic
 * Level 3.7 Poison Magic


You had 7 spell levels left.
You knew the following spells:

 Your Spells              Type           Power        Failure   Level  Hunger
a - Magic Dart            Conj           ####         0%          1    None
b - Searing Ray           Conj           ########     0%          2    None
c - Iskenderun's Mystic   Conj           ########     0%          3    None
d - Sting                 Conj/Pois      ####         1%          1    None
e - Throw Frost           Conj/Ice       ######       1%          2    None
f - Fireball              Conj/Fire      #######...   1%          5    None
g - Stone Arrow           Conj/Erth      ######       1%          3    None
h - Lehudib's Crystal Sp  Conj/Erth      #######...   47%         8    #####..

Your spell library contained the following spells:

 Spells                   Type           Power        Failure   Level  Hunger
 Conjure Flame            Conj/Fire      #######.     1%          3    None
 Sandblast                Erth           ######       1%          1    None
 Ensorcelled Hibernation  Hex/Ice        #####.       1%          2    None
 Passwall                 Tmut/Erth      #####...     1%          2    None
 Ignite Poison            Fire/Tmut/Pois #####...     1%          3    None
 Fulminant Prism          Conj/Hex       #######...   1%          4    None
 Sticky Flame             Conj/Fire      #######.     1%          4    None
 Irradiate                Conj/Tmut      #######...   1%          5    None
 Lee's Rapid Deconstruct  Erth           ######....   5%          5    None
 Icicle Burst             Conj/Ice       #######...   5%          7    ###....
 Petrify                  Tmut/Erth      #####...     11%         4    None
 Infestation              Hex/Tmut/Pois  #####....    83%         6    None
 Borgnjor's Vile Clutch   Necr/Erth      #####.....   86%         6    None
 Darkness                 Hex            ####......   94%         6    None
 Shadow Creatures         Summ           N/A          94%         6    None
 Chain Lightning          Conj/Air       #######...   61%         8    #####..
 Glaciate                 Conj/Ice/Air   #######...   82%         8    #####..
 Ignition                 Fire           #####.....   100%        8    #####..
 Time Stop                Chrm/Tloc      N/A          100%        8    #####..
 Fire Storm               Conj/Fire      #######...   100%        9    ######.
 Tornado                  Air            ####......   100%        9    ######.


Dungeon Overview and Level Annotations

Branches:
Dungeon (1/1)

Altars:
Ashenzari
Cheibriados
Dithmenos
Elyvilon
Fedhas
Gozag
Hepliaklqana
Kikubaaqudgha
Lugonu
Makhleb
Nemelex Xobeh
Okawaru
Qazlal
Ru
Sif Muna
Trog
Uskayaw
Vehumet
Wu Jian
Xom
Yredelemnul
Zin
The Shining One
Beogh
Jiyva


Innate Abilities, Weirdness & Mutations

You are resistant to torment.
Your stone body is resilient. (AC +6)
You are immune to poison.
You resist negative energy. (rN+)
You are resistant to electric shocks. (rElec)
You can survive without breathing.
You are immune to petrification.
You are immune to rotting.


Message History

Confirm with . or Enter, or press ? or * to list all spells.
Aiming: Sting (safe; 1% risk of failure)
Press: ? - help, Shift-Dir - straight line, f - vault guard, p - war gargoyle
Aim: a vault guard, wielding a +0 dire flail and wearing a +0 plate armour (heavily wounded)
You can't see any item there.
The sting hits the vault guard.
The vault guard is poisoned.
The vault guard is heavily wounded.
The war gargoyle hits you with a +0 dire flail.
The vault guard barely misses you.
Casting: Sting (safe; 1% risk of failure)
Confirm with . or Enter, or press ? or * to list all spells.
Aiming: Stone Arrow (safe; 1% risk of failure)
Press: ? - help, Shift-Dir - straight line, f - war gargoyle, p - vault guard
Aim: a war gargoyle, wielding a +0 dire flail (severely damaged, catching its breath)
The stone arrow hits the war gargoyle but does no damage.
The war gargoyle is severely damaged.
The shock serpent changes into a death drake!
The war gargoyle completely misses you.
The vault guard hits you with a +0 dire flail!!
You die...

▓..[==..▓
▓..)))..▓
▓.......▓
▓.......▓
▓.......▓
▓......C▓
▓.▓..p▓p▓
▓...©k9@▓
▓▓▓▓▓▓▓▓▓


You could see a stone giant, a death drake shaped shifter, 2 vault guards and a
war gargoyle.

Vanquished Creatures
  A tentacled starspawn (D)
  A deep troll (D)
  2 jumping spiders (D)
  A tarantella (D)
  A porcupine (D)
  A necrophage (D)
  2 scorpions (D)
  A wight (D)
  2 quasits (D)
  2 iguanas (D)
  2 adders (D)
  A shadow imp (D)
  2 ball pythons (D)
  A starspawn tentacle (D)
20 creatures vanquished.

Vanquished Creatures (others)
  Snorg (D)
  Prince Ribbit (D)
  Menkaure (D)
  Crazy Yiuf (D)
  A starspawn tentacle (D)
5 creatures vanquished.

Grand Total: 25 creatures vanquished

Notes
Turn   | Place    | Note
-------+----------+-------------------------------------------
     0 | D        | funkygono the Gargoyle Conjurer began the quest for the
                  | Orb.
     0 | D        | Reached XP level 1. HP: 10/10 MP: 3/3
     0 | D        | Found a shimmering blue altar of Sif Muna.
     0 | D        | Found a sacrificial altar of Ru.
     0 | D        | Found a bloodstained altar of Trog.
     0 | D        | Found a stormy altar of Qazlal.
     0 | D        | Found an iron altar of Okawaru.
     0 | D        | Found a sparkling altar of Nemelex Xobeh.
     0 | D        | Found a blossoming altar of Fedhas.
     1 | D        | Found the +6 Majin-Bo {vamp, *Drain Str+12 Int+24}
     1 | D        | Found the +7 great mace "Firestarter" {inner flame, rF++}
     2 | D        | Found a transporter.
     2 | D        | Found an ancient bone altar of Kikubaaqudgha.
     2 | D        | Found a viscous altar of Jiyva.
     2 | D        | Found a corrupted altar of Lugonu.
     2 | D        | Found a hazy altar of Hepliaklqana.
     2 | D        | Found a burning altar of Makhleb.
     2 | D        | Found an opulent altar of Gozag.
     2 | D        | Killed Menkaure
    11 | D        | Found the +9 heavy crossbow "Sniper" {velocity, Acc+∞ SInv}
    11 | D        | Found the +10 dark maul {crush}
    11 | D        | Found the +15 Maxwell's patent armour {-Cast -Tele rElec
                  | MR+ rCorr}
    11 | D        | Found the +18 shield of the Gong {rElec rN+ MR+ EV-5}
    11 | D        | Found the cursed +14 obsidian axe {chop, +Fly SInv *Curse}
    13 | D        | Found the +6 shillelagh "Devastator" {shatter}
    13 | D        | Found the +11 plutonium sword {*Contam Stlth-}
    13 | D        | Found the +8 lance "Wyrmbane" {slay drac, rPois rF+ rC+
                  | AC+3}
    13 | D        | Found the +9 sword of Zonguldrok {reap}
    13 | D        | Found the cursed +13 scythe of Curses {drain, *Curse}
    13 | D        | Found the +0 sword of Power
    13 | D        | Found the +7 mace of Variability {chain chaos}
    13 | D        | Found the +7 Singing Sword {slice}
    13 | D        | Found the +7 longbow "Piercer" {penet, EV-2}
   116 | D        | Reached skill level 6 in Conjurations
   116 | D        | Reached XP level 2. HP: 15/15 MP: 4/7
   120 | D        | Learned a level 2 spell: Searing Ray
   199 | D        | Became a worshipper of Vehumet
   212 | D        | Entered arena 2.
   212 | D        | Noticed a wight
   212 | D        | Noticed a necrophage
   212 | D        | Found a transporter.
   216 | D        | Killed a wight
   216 | D        | Reached skill level 8 in Conjurations
   216 | D        | Reached XP level 3. HP: 16/19 MP: 3/9
   225 | D        | Killed a necrophage
   225 | D        | Reached skill level 1 in Staves
   225 | D        | Reached skill level 5 in Spellcasting
   225 | D        | Reached skill level 9 in Conjurations
   225 | D        | Reached XP level 4. HP: 13/24 MP: 0/11
   225 | D        | Reached XP level 5. HP: 15/28 MP: 0/12
   314 | D        | Killed Crazy Yiuf
   347 | D        | Killed Prince Ribbit
   356 | D        | Got The Testament of Sif Muna
   361 | D        | Learned a level 3 spell: Iskenderun's Mystic Blast
   364 | D        | Entered arena 3.
   364 | D        | Noticed a porcupine
   364 | D        | Found a transporter.
   365 | D        | Reached * piety under Vehumet
   365 | D        | Offered knowledge of Sting by Vehumet.
   365 | D        | Reached skill level 10 in Conjurations
   367 | D        | Killed a porcupine
   367 | D        | Reached skill level 11 in Conjurations
   367 | D        | Reached XP level 6. HP: 25/32 MP: 3/15
   453 | D        | Learned a level 1 spell: Sting
   464 | D        | Entered arena 4.
   464 | D        | Noticed a tentacled starspawn
   464 | D        | Found a transporter.
   465 | D        | Reached ** piety under Vehumet
   465 | D        | Offered knowledge of Throw Frost by Vehumet.
   466 | D        | Reached skill level 12 in Conjurations
   469 | D        | Killed a tentacled starspawn
   469 | D        | Reached skill level 16 in Conjurations
   469 | D        | Reached XP level 7. HP: 7/36 MP: 4/21
   469 | D        | Reached XP level 8. HP: 8/41 MP: 4/23
   469 | D        | Reached XP level 9. HP: 9/45 MP: 4/24
   477 | D        | Reached *** piety under Vehumet
   584 | D        | Learned a level 2 spell: Throw Frost
   588 | D        | Entered arena 5.
   588 | D        | Found a transporter.
   589 | D        | Offered knowledge of Inner Flame by Vehumet.
   631 | D        | Entered arena 6.
   631 | D        | Noticed a jumping spider
   631 | D        | Noticed a jumping spider
   631 | D        | Found a transporter.
   632 | D        | Killed a jumping spider
   632 | D        | Reached **** piety under Vehumet
   632 | D        | Reached skill level 1 in Ice Magic
   632 | D        | Reached skill level 1 in Poison Magic
   636 | D        | Reached skill level 5 in Stealth
   636 | D        | Killed a jumping spider
   636 | D        | Reached skill level 5 in Dodging
   791 | D        | Got Ixtakhlo's Tome of Flames
   800 | D        | Learned a level 5 spell: Fireball
   812 | D        | Learned a level 3 spell: Stone Arrow
   821 | D        | Learned a level 8 spell: Lehudib's Crystal Spear
   822 | D        | Entered arena 7.
   822 | D        | Noticed a deep troll
   822 | D        | Noticed a vault guard
   822 | D        | Noticed a war gargoyle
   822 | D        | Noticed a stone giant
   822 | D        | Noticed a vault guard
   822 | D        | Noticed a deep troll
   822 | D        | Noticed a death drake
   822 | D        | a deep troll changed into a death drake
   823 | D        | a death drake changed into a redback
   824 | D        | Killed Snorg
   829 | D        | Noticed a faun
   829 | D        | a redback changed into a faun
   831 | D        | Killed a deep troll
   831 | D        | Offered knowledge of Conjure Flame by Vehumet.
   831 | D        | Reached ***** piety under Vehumet
   831 | D        | Reached skill level 1 in Fire Magic
   831 | D        | Noticed a moth of wrath
   831 | D        | a faun changed into a moth of wrath
   833 | D        | Noticed a shock serpent
   833 | D        | a moth of wrath changed into a shock serpent
   837 | D        | Noticed a death drake
   837 | D        | a shock serpent changed into a death drake
   837 | D        | Slain by a vault guard

Skill      XL: |  1  2  3  4  5  6  7  8  9 |
---------------+----------------------------+-----
Armour         | 4 6 |  6.6
Spellcasting   | 4 5 6 11 12 | 12.4
Conjurations   | 6 8 9 11 16 | 16.8
Staves         | 1 2 4 |  4.6
Dodging        | 2 4 5 |  5.1
Stealth        | 3 4 5 |  5.0
Ice Magic      | 3 |  3.6
Poison Magic   | 3 |  3.7
Fire Magic     | 1 |  1.6
Earth Magic    | 2 |  2.1
Fighting       | |  0.8

Action                   |  1- 3 |  4- 6 |  7- 9 || total
-------------------------+-------+-------+-------++-------
Melee: Quarterstaff      |     7 |       |       ||     7
 Cast: Searing Ray       |     1 |       |     2 ||     3
       Magic Dart        |     2 |       |       ||     2
       Iskenderun's Myst |       |     8 |    12 ||    20
       Stone Arrow       |       |       |     4 ||     4
       Sting             |       |       |     1 ||     1
  Use: Potion            |     1 |       |     5 ||     6
  Eat: Ration            |     1 |       |       ||     1
       Chunk             |       |       |     1 ||     1
Armor: Fire dragon scale |     6 |     4 |    29 ||    39
Dodge: Dodged            |     6 |     2 |    30 ||    38
